 Dungeon Crawl Stone Soup version 0.16-a0-4108-g6e49b0d (webtiles) character file.

20337 Chiseanne the Nimble (level 12, -2/99 HPs)
             Began as a Mummy Monk on Feb 26, 2015.
             Was an Initiate of Gozag.
             Slain by a wolf spider simulacrum (10 damage)
             ... on level 13 of the Dungeon.
             The game lasted 01:05:19 (15731 turns).

Chiseanne the Nimble (Mummy Monk)                  Turns: 15731, Time: 01:05:19

Health: -2/99      AC: 12    Str: 15    XL:     12   Next: 44%
Magic:  20/20      EV: 21    Int:  9    God:    Gozag
Gold:   373        SH:  0    Dex: 15    Spells: 0 memorised, 11 levels left

rFire  + . .     SeeInvis .     d - +5 scimitar (flame)
rCold  + . .     Clarity  .     x - +2 robe "Thrafaaq" {rF++ rN+ Regen+ Str-2}
rNeg   + + +     SustAb   .     (no shield)
rPois  ∞         Gourm    .     n - +1 helmet of the Princeling {rElec rPois rC- Regen+ Slay+2}
rElec  +         Spirit   .     v - +1 cloak
rCorr  .         Warding  .     i - +1 pair of gloves
rMut   .         Stasis   .     g - +0 pair of boots
MR     +....                    (no amulet)
Stlth  +++.......               B - ring of stealth
                                m - ring of protection from cold

@: about to teleport, somewhat resistant to hostile enchantments, fairly
stealthy
A: no food or potions, fire vulnerability, restore body, cold resistance 1,
negative energy resistance 3, poison resistance, torment resistance, unbreathing
a: Potion Petition, Call Merchant, Bribe Branch, Renounce Religion


You were on level 13 of the Dungeon.
You worshipped Gozag.
Gozag was noncommittal.
You were not hungry.

You visited 4 branches of the dungeon, and saw 16 of its levels.

You collected 2989 gold pieces.
You spent 1765 gold pieces at shops.
You paid 851 gold pieces to Gozag.

Inventory:

Hand weapons
 a - a +5 hand axe of freezing
 d - a +5 scimitar of flaming (weapon)
 s - a +1 morningstar of protection
 w - a +0 blowgun
Missiles
 b - 26 poisoned needles
 l - 9 tomahawks (quivered)
 o - 3 javelins
Armour
 g - a +0 pair of boots (worn)
 h - the +1 scale mail of Tenacity {SInv}
   (You bought it in a shop on level 11 of the Dungeon)

   It enhances your eyesight.
 i - a +1 pair of gloves (worn)
 n - the +1 helmet of the Princeling (worn) {rElec rPois rC- Regen+ Slay+2}
   (You took it off Robin on level 3 of the Dungeon)

   It affects your accuracy and damage with ranged weapons and melee attacks
   (+2).
   It makes you vulnerable to cold.
   It insulates you from electricity.
   It protects you from poison.
   It increases your rate of regeneration.
 v - a +1 cloak (worn)
 x - the +2 robe "Thrafaaq" (worn) {rF++ rN+ Regen+ Str-2}
   (You found it on level 7 of the Dungeon)

   It affects your strength (-2).
   It greatly protects you from fire.
   It protects you from negative energy.
   It increases your rate of regeneration.
 A - the +3 leather armour of a treasure trove {+Inv MR- Str+5 Dex-2}
   (You found it on level 6 of the Dungeon)

   It affects your strength (+5).
   It affects your dexterity (-2).
   It affects your resistance to hostile enchantments.
   It lets you turn invisible.
Jewellery
 m - a ring of protection from cold (left hand)
 B - a ring of stealth (right hand)
Magical devices
 c - a wand of heal wounds (3)
Scrolls
 e - 7 scrolls of teleportation
 f - a scroll of recharging
 k - 4 scrolls of remove curse
Miscellaneous
 j - a phantom mirror


   Skills:
 - Level 10.7 Fighting
 * Level 4.2 Armour
 * Level 13.6 Dodging
 - Level 1.5 Stealth
 - Level 3.2 Unarmed Combat
 - Level 5.0 Evocations


You had 11 spell levels left.
You didn't know any spells.

Dungeon Overview and Level Annotations

Branches:
Dungeon (13/15)            Temple (1/1) D:6            Lair (1/8) D:10
    Orc (1/4) D:11
 Vaults: D:13-14

Altars:
Ashenzari
Cheibriados
Dithmenos
Elyvilon
Fedhas
Gozag
Kikubaaqudgha
Makhleb
Nemelex Xobeh
Okawaru
Qazlal
Ru
Sif Muna
Trog
Vehumet
Xom
Yredelemnul
Zin
The Shining One
Beogh

Shops:
D:5 *   D:11 *   D:12 *

Annotations:
D:10 exclusion: 4 doors
D:11 exclusion: door, Harold
Lair:1 exclusion: 2 doors
Orc:1 Snorg


Innate Abilities, Weirdness & Mutations

You do not eat or drink.
Your flesh is vulnerable to fire.
Your flesh is cold resistant.
You are immune to negative energy.
Your system is resistant to poisons.
You are immune to unholy pain and torment.
You can survive without breathing.


Message History

Read which item? (? for menu, Esc to quit)
Okay, then.
Found a leather armour.
A wight comes into view.
It is wielding a flail. 3 wights come into view.
The wolf spider simulacrum barely misses you.
The wolf spider simulacrum bites you but does no damage.
Read which item? (? for menu, Esc to quit)
As you read the scroll of teleportation, it crumbles to dust.
You feel strangely unstable. The wolf spider simulacrum hits you!!
* * * LOW HITPOINT WARNING * * *
The wolf spider simulacrum freezes you! You resist.
* * * LOW HITPOINT WARNING * * *
The wolf spider simulacrum barely misses you.
A wight comes into view. It is wielding a dagger of freezing.
The wolf spider simulacrum hits you!
* * * LOW HITPOINT WARNING * * *
The wolf spider simulacrum freezes you! You resist.
You die...
Your body crumbles into a pile of gold.

#........
###########[..<...
..........##.$.....
...................
.........<.........
....................
#...##....##....##.
##+###....##....##
##+##.@Z......'......#
#....zz.z.......#......#
.........####'###.....#
..z.##...##....##....##
#.z #+####....####### #
#....'.....#
+....#.....#
#...##....##
#...##'#####


You could see 5 wights and a wolf spider simulacrum.

Vanquished Creatures
  A tengu warrior (D:12)
  4 hill giants
  A cyclops (D:12)
  A komodo dragon (D:12)
  A spiny frog (Lair:1)
  A gargoyle (D:11)
  An efreet (D:12)
  2 fire vortices (D:10)
  2 trolls (D:12)
  3 two-headed ogres
  4 ravens (D:12)
  2 deep elf magi
  A basilisk (Lair:1)
  4 fire bats (D:10)
  2 shadows (D:12)
  The ghost of hornqvist the Covert, an average SpAs (D:4)
  A spriggan (D:7)
  24 yaks
  Eustachio (D:9)
  2 hippogriffs
  2 steam dragons
  2 hungry ghosts
  Grum (D:10)
  A mottled dragon (Lair:1)
  2 water moccasins
  A hell hound (D:10)
  A porcupine (Lair:1)
  4 wolves
  An ice beast (D:10)
  4 orc warriors
  4 phantoms
  2 black bears
  5 centaurs
  11 ogres
  A sky beast (D:5)
  A crocodile (D:9)
  9 big kobolds
  Blork the orc (D:9)
  A wyvern skeleton (D:12)
  A water moccasin zombie (D:8)
  6 giant frogs
  A water moccasin skeleton (D:11)
  14 killer bees
  6 scorpions
  3 wights (D:11)
  2 lava snakes (D:10)
  2 centaur zombies
  A giant frog zombie (D:5)
  2 crimson imps (D:9)
  A goliath beetle (D:6)
  2 gnoll shamans
  5 jellies
  A giant frog skeleton (D:10)
  8 orc priests
  8 hounds
  5 worker ants
  6 iguanas
  13 orc wizards
  Jessica (D:7)
  4 hound skeletons
  Robin (D:3)
  10 adders
  15 gnolls
  9 river rats (Lair:1)
  5 giant mites
  2 shadow imps
  4 worms
  3 adder skeletons
  An adder zombie (D:5)
  7 giant geckos
  48 orcs
  A bat skeleton (D:4)
  23 goblins
  25 hobgoblins
  9 jackals
  62 kobolds
  10 quokkas
  21 bats
  6 giant cockroaches
  A giant gecko skeleton (D:4)
  2 giant newts (D:1)
  A jackal skeleton (D:5)
  16 rats
  2 fungi (Lair:1)
489 creatures vanquished.

Vanquished Creatures (others)
  A troll (D:12)
  A two-headed ogre (D:11)
  An ogre (D:11)
  A crimson imp (D:10)
4 creatures vanquished.

Grand Total: 493 creatures vanquished

Notes
Turn   | Place    | Note
--------------------------------------------------------------
     0 | D:1      | Chiseanne, the Mummy Monk, began the quest for the Orb.
     0 | D:1      | Reached XP level 1. HP: 18/18 MP: 1/1
     6 | D:1      | Noticed a wyvern
     6 | D:1      | Noticed an anaconda
     7 | D:1      | Noticed a lindwurm
     8 | D:1      | Noticed a polar bear
   474 | D:1      | Reached XP level 2. HP: 2/24 MP: 2/2
  1543 | D:2      | Reached XP level 3. HP: 29/29 MP: 3/3
  1632 | D:2      | Found a radiant altar of Vehumet.
  1876 | D:2      | Found a sacrificial altar of Ru.
  2543 | D:3      | Reached XP level 4. HP: 28/35 MP: 4/4
  3039 | D:3      | Reached skill level 4 in Dodging
  3412 | D:3      | Found an iron altar of Okawaru.
  3593 | D:3      | Noticed Robin
  3610 | D:3      | Reached XP level 5. HP: 33/41 MP: 5/5
  3613 | D:3      | Killed Robin
  3615 | D:3      | Got a translucent helmet
  3799 | D:3      | Identified the +1 helmet of the Princeling {rElec rPois rC- Regen+ Slay+2} (You took it off Robin on level 3 of the Dungeon)
  3916 | D:3      | Noticed a big kobold
  3918 | D:3      | Noticed a big kobold
  3939 | D:3      | Killed a big kobold
  3939 | D:3      | Reached skill level 5 in Dodging
  3939 | D:3      | Reached XP level 6. HP: 36/48 MP: 6/6
  3941 | D:3      | Killed a big kobold
  4165 | D:3      | Noticed a big kobold
  4189 | D:3      | Killed a big kobold
  4277 | D:3      | Noticed a big kobold
  4293 | D:3      | Killed a big kobold
  4293 | D:3      | Reached skill level 6 in Dodging
  4293 | D:3      | Reached XP level 7. HP: 51/55 MP: 7/7
  4527 | D:4      | Found a stormy altar of Qazlal.
  4552 | D:4      | Found a snail-covered altar of Cheibriados.
  4645 | D:4      | Reached skill level 5 in Fighting
  4645 | D:4      | Reached skill level 1 in Armour
  4686 | D:4      | Noticed hornqvist's ghost (average SpAs)
  5011 | D:4      | Killed hornqvist's ghost
  5314 | D:4      | Reached XP level 8. HP: 54/64 MP: 8/8
  5365 | D:5      | Entered Level 5 of the Dungeon
  5630 | D:5      | Found Kiaschu's Assorted Antiques.
  5642 | D:5      | Bought an encrusted glass wand for 124 gold pieces
  5642 | D:5      | Bought a scroll labeled FRO SCHOLOU for 31 gold pieces
  5642 | D:5      | Bought an iron ring for 155 gold pieces
  5647 | D:5      | Bought an embroidered robe for 21 gold pieces
  5944 | D:5      | Reached skill level 1 in Evocations
  6003 | D:5      | Reached skill level 7 in Fighting
  6547 | D:6      | Found a staircase to the Ecumenical Temple.
  6629 | Temple   | Entered the Ecumenical Temple
  7159 | D:6      | Got a spiked leather armour
  7273 | D:6      | Found a sparkling altar of Nemelex Xobeh.
  7498 | D:7      | Got a faintly glowing robe
  7529 | D:7      | Reached XP level 9. HP: 71/73 MP: 12/12
  7547 | D:7      | Identified the +3 leather armour of a treasure trove {+Inv MR- Str+5 Dex-2} (You found it on level 6 of the Dungeon)
  7562 | D:7      | Found a blossoming altar of Fedhas.
  7675 | D:7      | Found an opulent altar of Gozag.
  7692 | D:7      | Became a worshipper of Gozag Ym Sagoz the Greedy
  7724 | D:7      | Reached skill level 8 in Fighting
  7878 | D:7      | Identified the +2 robe "Thrafaaq" {rF++ rN+ Regen+ Str-2} (You found it on level 7 of the Dungeon)
  7944 | D:7      | Found a glowing golden altar of the Shining One.
  8102 | D:7      | Noticed Jessica
  8116 | D:7      | Killed Jessica
  8127 | D:7      | Found a deep blue altar of Sif Muna.
  8426 | D:8      | Found a burning altar of Makhleb.
  9096 | D:9      | Reached skill level 9 in Dodging
  9102 | D:9      | Got a bloodstained leather armour
  9113 | D:9      | Identified the cursed -5 leather armour "Quim" {+Blink +Inv rElec rF+ MR+ Str-2} (You found it on level 9 of the Dungeon)
  9140 | D:9      | Noticed Eustachio
  9145 | D:9      | Reached XP level 10. HP: 79/82 MP: 15/15
  9157 | D:9      | Killed Eustachio
  9425 | D:9      | Noticed Blork the orc
  9448 | D:9      | Killed Blork the orc
 10213 | D:10     | Entered Level 10 of the Dungeon
 10247 | D:10     | Reached skill level 10 in Dodging
 10274 | D:10     | Found an ancient bone altar of Kikubaaqudgha.
 10355 | D:10     | Noticed Grum
 10430 | D:10     | Killed Grum
 10578 | D:10     | Noticed a hill giant
 10584 | D:10     | XOM: summons friendly crimson imp
 10739 | D:10     | Noticed a hill giant
 10768 | D:10     | Killed a hill giant
 11078 | D:10     | Found a staircase to the Lair.
 11214 | D:10     | Noticed a hill giant
 11315 | D:10     | Killed a hill giant
 11315 | D:10     | Reached XP level 11. HP: 63/90 MP: 16/18
 11419 | D:10     | Killed a hill giant
 11419 | D:10     | Reached skill level 11 in Dodging
 11505 | D:10     | Reached skill level 10 in Fighting
 11714 | Lair:1   | Entered Level 1 of the Lair of Beasts
 13113 | Lair:1   | Reached skill level 12 in Dodging
 13191 | D:11     | Noticed a hill giant
 13222 | D:11     | Killed a hill giant
 13368 | D:11     | Reached skill level 5 in Evocations
 13825 | D:11     | Found Freng's Assorted Antiques.
 13830 | D:11     | Got a distressingly furry leather armour
 13831 | D:11     | Identified the +0 leather armour of the Cooper {MR- Int+5} (You found it on level 11 of the Dungeon)
 13834 | D:11     | Bought a bloodstained scale mail for 270 gold pieces
 13834 | D:11     | Bought a scroll of remove curse for 90 gold pieces
 13834 | D:11     | Bought a scroll of identify for 60 gold pieces
 13858 | D:11     | Identified the +1 scale mail of Tenacity {SInv} (You bought it in a shop on level 11 of the Dungeon)
 13890 | D:11     | Noticed Harold
 13890 | D:11     | Noticed a hill giant
 13974 | D:11     | Reached XP level 12. HP: 99/99 MP: 20/20
 14250 | D:11     | Noticed an ogre mage
 14373 | D:11     | Found a staircase to the Orcish Mines.
 14395 | Orc:1    | Entered Level 1 of the Orcish Mines
 14464 | Orc:1    | Found a roughly hewn altar of Beogh.
 14519 | Orc:1    | Noticed Snorg
 14709 | D:12     | Reached skill level 13 in Dodging
 14983 | D:12     | Found Thuot's Assorted Antiques.
 15174 | D:12     | Bought 2 scrolls of remove curse for 156 gold pieces
 15174 | D:12     | Bought a scroll of remove curse for 78 gold pieces
 15174 | D:12     | Bought a phantom mirror for 780 gold pieces
 15731 | D:13     | Slain by a wolf spider simulacrum

Action                   |  1- 3 |  4- 6 |  7- 9 | 10-12 || total
-------------------------+-------+-------+-------+-------++-------
Melee: Unarmed           |   112 |       |       |       ||   112
       Hand axe          |    47 |   199 |   438 |   783 ||  1467
       Morningstar       |       |       |       |    19 ||    19
       Scimitar          |       |       |       |    10 ||    10
 Fire: Blowgun           |       |       |     6 |    55 ||    61
Throw: Stone             |       |       |    35 |       ||    35
Invok: Potion Petition   |       |       |       |     2 ||     2
       Call Merchant     |       |       |       |     1 ||     1
Evoke: Wand              |       |       |     2 |    21 ||    23
       Deck              |       |       |       |    11 ||    11
  Use: Scroll            |     8 |     4 |    15 |    11 ||    38
 Stab: Sleeping          |     1 |       |     3 |    10 ||    14
       Distracted        |       |       |     1 |     8 ||     9
